 Dungeon Crawl Stone Soup version 0.31-a0-1405-g2bb1a01664 (webtiles) character file.

Game seed: 14020069445649072478

442 timneilson the Covered (level 7, -2/43 HPs)
             Began as a Gargoyle Fighter on Dec 25, 2023.
             Slain by an orc wizard
             ... wielding a +0 dagger
              (3 damage)
             ... on level 5 of the Dungeon.
             The game lasted 00:08:28 (3217 turns).

timneilson the Covered (Gargoyle Fighter)           Turns: 3217, Time: 00:08:29

Health: -2/43      AC: 17    Str: 20    XL:     7   Next: 2%
Magic:  7/7        EV:  8    Int:  8    God:
Gold:   249        SH:  5    Dex: 11    Spells: 6/6 levels left

rFire   . . .        a - +0 long sword
rCold   . . .        c - +0 buckler
rNeg    + . .        r - +0 chain mail
rPois   ∞            (no helmet)
rElec   +            (no cloak)
rCorr   .            g - +0 pair of gloves
SInv    .            o - +0 pair of boots
Will    .....        (no amulet) Stlth
                     (no ring)
HPRegen 0.27/turn    (no ring)
MPRegen 0.10/turn

%: no passive effects
@: hasted (expiring), very quick
A: sickness immunity, AC +4, negative energy resistance 1, electricity
resistance, torment resistance 1, petrification resistance
a: no special abilities


You were on level 5 of the Dungeon.
You visited 1 branch of the dungeon, and saw 5 of its levels.

You collected 249 gold pieces.

Inventory:

Hand Weapons
 a - a +0 long sword (weapon)
Armour
 c - a +0 buckler (worn)
 g - a +0 pair of gloves (worn)
 o - a +0 pair of boots (worn)
 r - a +0 chain mail (worn)
 t - a +0 plate armour
Wands
 i - a wand of light (3)
Scrolls
 j - a scroll of fog
 l - 2 scrolls of noise
 q - a scroll of teleportation
Potions
 d - a potion of might
 e - a potion of curing
 f - a potion of ambrosia {unknown}
 h - 2 potions of invisibility
 k - a potion of attraction {unknown}
 s - a potion of degeneration {unknown}


   Skills:
 + Level 4.1 Fighting
 * Level 3.3 Long Blades
 * Level 5.1 Armour
 + Level 1.5 Dodging
 * Level 4.9 Shields
 + Level 1.2 Evocations


You had 6 spell levels left.
You didn't know any spells.
Your spell library contained the following spells:

 Spells                   Type           Power      Damage    Failure   Level
 Lesser Beckoning         Tloc           0%         N/A       99%         2
 Gell's Gravitas          Tloc           0%         N/A       100%        3
 Teleport Other           Tloc           0%         N/A       100%        3


Dungeon Overview and Level Annotations

Branches:
Dungeon (5/15)
 Temple: D:4-7

Altars:
Kikubaaqudgha

Shops:
D:1 :   D:3 [

Annotations:
D:3 3 runed translucent doors, MisterAzrael's ghost, amateur HOFi


Innate Abilities, Weirdness & Mutations

You are immune to sickness and miasma.
Your stone body is resilient. (AC +4)
You are immune to poison.
You resist negative energy. (rN+)
You are resistant to electric shocks. (rElec)
You are resistant to unholy torment.
You are immune to petrification.


Message History

You feel better. The orc wizard casts a spell at you.
The magic dart hits the gnoll!
You hit the gnoll.
The gnoll is severely wounded.
The gnoll hits you but does no damage.
You closely miss the gnoll.
The gnoll is severely wounded.
The orc wizard gestures at you while chanting.
The gnoll appears confused.
You hit the gnoll but do no damage.
The gnoll is severely wounded.
You hit the gnoll but do no damage.
The gnoll is severely wounded.
The gnoll closely misses you.
You hit the gnoll.
You kill the gnoll!
The orc wizard casts a spell at you. The magic dart hits you.
* * * LOW HITPOINT WARNING * * *
Unknown command.
The orc wizard hits you but does no damage.
Things that are here:
a +0 flail; a +0 flail; a gnoll corpse You slash the orc wizard!
You kill the orc wizard!
You have reached level 7!
You barely miss something.
Your extra speed is starting to run out.
You closely miss something.
You hear some strange, mumbled words.
A puff of flame appears from out of thin air!
The puff of flame hits you!
* * * LOW HITPOINT WARNING * * *
You barely miss something. Something hits you but does no damage.
You slash something! Something hits you but does no damage.
You hit something but do no damage. Something hits you.
* * * LOW HITPOINT WARNING * * *
You barely miss something. Something hits you.
You die...

.##....# #......#
#####g.....###
....##'## .....#
#......#......
....#...#
###..###.##########..
#...#...# .$#......#
#.. #.###...##
g5.#.###### #.. #.#
#....##gz #.## #..
#.# ##...### #)o# ###
#.# #....### ##{# #.#
##.....####@# ..#
##.......#.# ###
##......'.#
###....### ######


You could see an orc.

Vanquished Creatures
  A scorpion (D:4)
  A vampire bat (D:4)
  A hound (D:4)
  Ijyb (D:2)
  Terence (D:3)
  3 orc wizards
  An iguana (D:4)
  4 gnolls (D:5)
  An adder (D:2)
  2 ufetubi (D:5)
  4 worms
  A dart slug (D:2)
  5 orcs
  3 bat skeletons (D:4)
  2 bat zombies (D:4)
  9 endoplasms
  2 giant cockroaches
  5 goblins
  6 hobgoblins
  2 jackals (D:2)
  11 kobolds
  5 quokkas
  8 ball pythons
  11 bats
  A frilled lizard (D:3)
  3 rats
94 creatures vanquished.

Notes
Turn   | Place    | Note
-------+----------+-------------------------------------------
     0 | D:1      | timneilson the Gargoyle Fighter began the quest for the
                  | Orb.
     0 | D:1      | Reached XP level 1. HP: 14/14 MP: 1/1
    96 | D:1      | Reached XP level 2. HP: 19/19 MP: 2/2
   218 | D:1      | Found Enejied's Book Emporium.
   642 | D:2      | Reached XP level 3. HP: 20/23 MP: 3/3
  1055 | D:2      | Reached skill level 4 in Armour
  1148 | D:2      | Reached XP level 4. HP: 28/28 MP: 4/4
  1297 | D:3      | Noticed Ijyb
  1460 | D:2      | Killed Ijyb
  1671 | D:3      | Found Hoirch's Antique Armour Emporium.
  1833 | D:3      | Reached skill level 1 in Dodging
  1833 | D:3      | Reached XP level 5. HP: 20/33 MP: 5/5
  1966 | D:3      | Noticed a water moccasin
  1966 | D:3      | Noticed MisterAzrael's ghost (amateur HOFi)
  2096 | D:3      | Found a runed translucent gate.
  2097 | D:3      | Found a runed translucent gate.
  2097 | D:3      | Noticed Terence
  2098 | D:3      | Found a runed translucent gate.
  2117 | D:3      | Killed Terence
  2384 | D:4      | Reached XP level 6. HP: 34/38 MP: 6/6
  2556 | D:4      | Found an ancient bone altar of Kikubaaqudgha.
  2564 | D:4      | Reached skill level 5 in Armour
  2564 | D:4      | Reached skill level 1 in Evocations
  2974 | D:5      | Entered Level 5 of the Dungeon
  3212 | D:5      | Reached XP level 7. HP: 9/43 MP: 7/7
  3216 | D:5      | HP: 1/43 [something (2)]
  3217 | D:5      | Slain by an orc wizard

Illustrated notes

Levels and vault maps discovered:
D:1:      dpeg_arrival_stonehenge_12_columns, layout_rooms, serial_shops, shop
D:2:      layout_basic
D:3:      minmay_door_path, layout_rooms, serial_shops, shop,
          gammafunk_ghost_split, grunt_ministairs_3, uniq_ijyb, uniq_terence
D:4:      layout_loops_ring, kennysheep_vampire_church
D:5:      layout_rooms, minmay_temple_entry_fiery, minivault_26,
          lightli_corner_chamber

Skill      XL: |  1  2  3  4  5  6 |
---------------+-------------------+-----
Long Blades    | 2 3 |  3.3
Armour         | 4 5 |  5.1
Shields        | 4 |  4.9
Dodging        | 1 |  1.5
Fighting       | 4 |  4.1
Evocations     | 1 |  1.2

Action                     |  1- 3 |  4- 6 |  7- 9 || total
---------------------------+-------+-------+-------++-------
  Melee: Long sword        |   160 |   247 |     6 ||   413
  Evoke: Wand              |       |     1 |       ||     1
    Use: Scroll            |       |     8 |       ||     8
         Potion            |       |     2 |       ||     2
 Armour: Scale mail        |   119 |   103 |       ||   222
         Chain mail        |       |   103 |     5 ||   108
  Dodge: Dodged            |   101 |   114 |       ||   215
  Block: Buckler           |    36 |    71 |       ||   107

Table legend: (Time is in decaauts)
 A = Elapsed time spent in this place.
 B = Non-inter-level travel time spent in this place.
 C = Inter-level travel time spent in this place.
 D = Time resting spent in this place.
 E = Time spent auto-exploring this place.
 F = Levels seen in this place.
 G = Mean time per level.
                   A        B        C        D        E       F      G
               +--------+--------+--------+--------+--------+-----+--------+
         Total |   3327 |   3218 |    109 |    185 |   1956 |   5 |  665.4 |
       Dungeon |   3327 |   3218 |    109 |    185 |   1956 |   5 |  665.4 |
               +--------+--------+--------+--------+--------+-----+--------+

Top non-repeatable levels by time:
     D:2: 956 daAuts
     D:4: 826 daAuts
     D:3: 701 daAuts
     D:1: 629 daAuts
     D:5: 213 daAuts
